[Event "World Junior U20 Open 2018"]
[Site "Gebze"]
[Date "2018.09.06"]
[Round "2.23"]
[White "Krishna Teja, N."]
[Black "Jarmula, Lukasz"]
[Result "0-1"]
[ECO "E39"]
[WhiteElo "2356"]
[BlackElo "2504"]
[Annotator "ChessBase"]
[PlyCount "50"]
[EventDate "2018.09.05"]
[EventType "swiss"]
[EventCountry "TUR"]
[SourceTitle "playchess.com"]
[Source "ChessBase"]
[SourceQuality "1"]
[TimeControl "40/5400+30:1800+30"]

1. d4 Nf6 2. c4 e6 3. Nc3 Bb4 4. Qc2 O-O 5. Nf3 c5 6. dxc5 Na6 7. Bf4 Nxc5 8. a3 Bxc3+ 9. Qxc3 Nce4 10. Qd4 d6 11. O-O-O Qc7 12. Bxd6 Nxd6 13. Qxd6 Qxc4+ 14. Kb1 Ne4 15. Qe7 e5 16. Nxe5 Nc3+ 17. Kc1 Qb3 18. bxc3 Qxc3+ 19. Kb1 Bf5+ 20. e4 Qb3+ 21. Kc1 Bxe4 22. Bd3 Rac8+ 23. Kd2 Bxd3 24. Qb4 Qc2+ 25. Ke3 Qe2+ 0-1

[Event "World Junior U20 Open 2018"]
[Site "Gebze"]
[Date "2018.09.06"]
[Round "2.25"]
[White "Asadli, Vugar"]
[Black "Sawlin, Leonid"]
[Result "1-0"]
[ECO "C11"]
[WhiteElo "2492"]
[BlackElo "2355"]
[Annotator "ChessBase"]
[PlyCount "77"]
[EventDate "2018.09.05"]
[EventType "swiss"]
[EventCountry "TUR"]
[SourceTitle "playchess.com"]
[Source "ChessBase"]
[SourceQuality "1"]
[TimeControl "40/5400+30:1800+30"]

1. e4 e6 2. d4 d5 3. Nc3 Nf6 4. e5 Nfd7 5. f4 c5 6. Nf3 Nc6 7. Be3 Be7 8. Qd2 b6 9. O-O-O O-O 10. g4 a6 11. Ne2 Qc7 12. Kb1 f6 13. exf6 Nxf6 14. Rg1 Ne4 15. Qe1 Bd6 16. c3 a5 17. g5 a4 18. a3 Ba6 19. Bh3 Rae8 20. g6 Bxe2 21. gxh7+ Kh8 22. Qxe2 Bxf4 23. Nh4 Ne7 24. Bxe6 Bxe3 25. Qxe3 Rf6 26. Bh3 Qxh2 27. c4 Qf2 28. Ng2 Qxe3 29. Nxe3 Rf3 30. Bd7 Rd8 31. Ng4 Rxd7 32. Ne5 Rb3 33. Rh1 Nd6 34. Nxd7 Nxc4 35. Rde1 Rxb2+ 36. Ka1 Rb3 37. Rxe7 Rxa3+ 38. Kb1 Rb3+ 39. Kc1 1-0

[Event "World Junior U20 Open 2018"]
[Site "Gebze"]
[Date "2018.09.06"]
[Round "2.28"]
[White "Zhao, Chenxi"]
[Black "Tang, Andrew"]
[Result "0-1"]
[ECO "C72"]
[WhiteElo "2275"]
[BlackElo "2489"]
[Annotator "ChessBase"]
[PlyCount "44"]
[EventDate "2018.09.05"]
[EventType "swiss"]
[EventCountry "TUR"]
[SourceTitle "playchess.com"]
[Source "ChessBase"]
[SourceQuality "1"]
[TimeControl "40/5400+30:1800+30"]

1. e4 e5 2. Nf3 Nc6 3. Bb5 a6 4. Ba4 Nf6 5. O-O d6 6. c4 Bd7 7. Nc3 g6 8. d3 Bg7 9. Bg5 h6 10. Be3 O-O 11. h3 g5 12. d4 g4 13. hxg4 exd4 14. Bxd4 Bxg4 15. Bxc6 bxc6 16. Qd2 Bxf3 17. gxf3 Nh5 18. Bxg7 Kxg7 19. Rfd1 Qh4 20. Qd4+ Kh7 21. Kf1 Nf4 22. Ke1 c5 0-1

[Event "World Junior U20 Open 2018"]
[Site "Gebze"]
[Date "2018.09.06"]
[Round "2.29"]
[White "Gulden, Egemen"]
[Black "Sindarov, Javokhir"]
[Result "0-1"]
[ECO "B26"]
[WhiteElo "2068"]
[BlackElo "2484"]
[Annotator "ChessBase"]
[PlyCount "75"]
[EventDate "2018.09.05"]
[EventType "swiss"]
[EventCountry "TUR"]
[SourceTitle "playchess.com"]
[Source "ChessBase"]
[SourceQuality "1"]
[TimeControl "40/5400+30:1800+30"]

1. e4 c5 2. Nc3 Nc6 3. g3 g6 4. Bg2 Bg7 5. d3 d6 6. Be3 Nf6 7. h3 O-O 8. Nge2 Rb8 9. O-O b5 10. Qd2 b4 11. Nd1 Ba6 12. f4 Nd7 13. g4 Qa5 14. Rf2 Rfc8 15. f5 c4 16. fxg6 fxg6 17. Bh6 cxd3 18. cxd3 Bxh6 19. Qxh6 Nde5 20. d4 Nd3 21. Nf4 Nxf4 22. Qxf4 Rf8 23. Qe3 Qb6 24. Rd2 Rbc8 25. e5 dxe5 26. Bd5+ Kh8 27. Bxc6 Rf1+ 28. Kh2 Qxc6 29. Qxe5+ Kg8 30. d5 Qb6 31. Kg3 Rcf8 32. d6 Qg1+ 33. Kh4 Re1 34. Ne3 Qxe3 35. Rxe1 Qh6+ 36. Kg3 Qxd2 37. Qe6+ Rf7 38. Qe4 0-1

[Event "World Junior U20 Open 2018"]
[Site "Gebze"]
[Date "2018.09.06"]
[Round "2.30"]
[White "Sargsyan, Shant"]
[Black "Nyambileg, Erdene-Ochir"]
[Result "1-0"]
[ECO "E97"]
[WhiteElo "2477"]
[BlackElo "1798"]
[Annotator "ChessBase"]
[PlyCount "71"]
[EventDate "2018.09.05"]
[EventType "swiss"]
[EventCountry "TUR"]
[SourceTitle "playchess.com"]
[Source "ChessBase"]
[SourceQuality "1"]
[TimeControl "40/5400+30:1800+30"]

1. Nf3 Nf6 2. c4 g6 3. Nc3 Bg7 4. e4 d6 5. d4 O-O 6. Be2 e5 7. O-O Nc6 8. Be3 Ng4 9. Bg5 f6 10. Bh4 g5 11. Bg3 Nh6 12. dxe5 dxe5 13. Qb3 Qe8 14. Rad1 Nd8 15. c5+ Be6 16. Qc2 c6 17. Nd2 Qg6 18. Nc4 Nhf7 19. Ne3 h5 20. h3 Nh6 21. Rd6 Re8 22. Qd1 g4 23. hxg4 hxg4 24. Bc4 Bf8 25. Rxd8 Raxd8 26. Bxe6+ Kh8 27. Bd7 Re7 28. Bf5 Qe8 29. Qe2 Rg7 30. Bh4 Be7 31. g3 Rd4 32. Kg2 Qd8 33. Rh1 Kg8 34. Be6+ Nf7 35. Nf5 Rd2 36. Qc4 1-0

[Event "World Junior U20 Open 2018"]
[Site "Gebze"]
[Date "2018.09.06"]
[Round "2.37"]
[White "Repka, Christopher"]
[Black "Amartuvshin, Ganzorig"]
[Result "0-1"]
[ECO "E87"]
[WhiteElo "2523"]
[BlackElo "2280"]
[Annotator "ChessBase"]
[PlyCount "75"]
[EventDate "2018.09.05"]
[EventType "swiss"]
[EventCountry "TUR"]
[SourceTitle "playchess.com"]
[Source "ChessBase"]
[SourceQuality "1"]
[TimeControl "40/5400+30:1800+30"]

1. d4 Nf6 2. c4 g6 3. Nc3 Bg7 4. e4 d6 5. h3 O-O 6. Be3 e5 7. d5 a5 8. g4 Na6 9. Nge2 h5 10. f3 Nc5 11. Qd2 Nh7 12. Bg2 f5 13. O-O-O fxg4 14. hxg4 hxg4 15. f4 Bd7 16. Rh2 g3 17. Nxg3 exf4 18. Bxf4 Rxf4 19. Qxf4 Be5 20. Qh6 Qg5+ 21. Kc2 Qxh6 22. Rxh6 Kg7 23. Rdh1 Ng5 24. Nf1 Rf8 25. Nd1 a4 26. R6h4 a3 27. b3 b5 28. Nd2 Bg3 29. cxb5 Bxh4 30. Rxh4 Bxb5 31. Nc4 Bxc4 32. bxc4 Nf7 33. Rh3 Ra8 34. Nc3 Ne5 35. Nb5 Rf8 36. Rg3 Rf2+ 37. Kc3 Rxa2 38. Nxc7 0-1

[Event "World Junior U20 Open 2018"]
[Site "Gebze"]
[Date "2018.09.06"]
[Round "2.38"]
[White "Sanal, Vahap"]
[Black "Garidmagnai, Byambasuren"]
[Result "1/2-1/2"]
[ECO "A49"]
[WhiteElo "2502"]
[BlackElo "2287"]
[Annotator "RC"]
[PlyCount "126"]
[EventDate "2018.09.05"]
[EventType "swiss"]
[EventCountry "TUR"]
[SourceTitle "playchess.com"]
[Source "ChessBase"]
[SourceQuality "1"]
[TimeControl "40/5400+30:1800+30"]

1. Nf3 Nf6 2. g3 g6 3. b3 d6 4. d4 Bg7 5. Bb2 O-O 6. Bg2 Nbd7 7. O-O e5 8. dxe5 Ng4 9. Qd2 Ngxe5 10. c4 Nxf3+ 11. Bxf3 Bxb2 12. Qxb2 Qf6 13. Nc3 a5 14. Qd2 Nc5 15. Nd5 Qd8 16. Qc3 f5 17. h4 Ne6 18. e3 c6 19. Nf4 Qf6 20. Qd2 Nxf4 21. exf4 Rd8 22. Rae1 Be6 23. Qe3 Bf7 24. Qe7 Qxe7 25. Rxe7 Rab8 26. Rd1 Kg7 27. Rc7 Kf6 28. Kf1 h5 29. Rd2 Be6 30. Ke1 a4 31. Kd1 a3 32. Kc2 b5 33. Rxc6 bxc4 34. bxc4 Rb2+ 35. Kc3 Rxd2 36. Kxd2 Rb8 37. Kc3 Rb2 38. Rxd6 Ke7 39. Rd3 Rxa2 40. Re3 Kd7 41. Kb4 Rc2 42. Bc6+ Kd6 43. c5+ Kxc6 44. Rxe6+ Kd5 45. Re5+ Kd4 46. Kxa3 Rxc5 47. Re6 Rc2 48. Rxg6 Rxf2 49. Rg5 Ke4 50. Kb3 Rg2 51. Kc3 Rg1 52. Kd2 Rg2+ 53. Kc3 Rg1 54. Kc4 Rc1+ 55. Kb5 Kf3 56. Kb4 Rc2 57. Kb5 Rc1 58. Kb6 Rc2 59. Rxh5 Kxg3 60. Rxf5 Kxh4 61. Rc5 Rxc5 62. Kxc5 Kg4 63. Kb5 Kxf4 1/2-1/2

[Event "World Junior U20 Open 2018"]
[Site "Gebze"]
[Date "2018.09.06"]
[Round "2.45"]
[White "Haria, Ravi"]
[Black "Can, Melih Kaan"]
[Result "1/2-1/2"]
[ECO "C42"]
[WhiteElo "2442"]
[BlackElo "2195"]
[Annotator "RC"]
[PlyCount "64"]
[EventDate "2018.09.05"]
[EventType "swiss"]
[EventCountry "TUR"]
[SourceTitle "playchess.com"]
[Source "ChessBase"]
[SourceQuality "1"]
[TimeControl "40/5400+30:1800+30"]

1. e4 e5 2. Nf3 Nf6 3. Nxe5 d6 4. Nc4 Nxe4 5. Nc3 Nxc3 6. bxc3 d5 7. Ne3 c6 8. d4 Bd6 9. Bd3 Qh4 10. g3 Qf6 11. O-O O-O 12. Re1 Na6 13. Ng4 Qd8 14. Ne5 Nc7 15. Qh5 g6 16. Qf3 f6 17. Ng4 Bxg4 18. Qxg4 f5 19. Qf3 Qf6 20. Bf4 Rae8 21. h4 Rxe1+ 22. Rxe1 Re8 23. Rb1 Bxf4 24. Qxf4 Ne6 25. Qf3 Nd8 26. Kg2 Qd6 27. h5 Kg7 28. hxg6 hxg6 29. Rh1 Nf7 30. Qd1 Qf6 31. Qf3 Qd6 32. Qd1 Qf6 1/2-1/2

[Event "World Junior U20 Open 2018"]
[Site "Gebze"]
[Date "2018.09.06"]
[Round "2.49"]
[White "Zrikem, Nassim"]
[Black "Huber, Martin Christian"]
[Result "1-0"]
[ECO "D05"]
[WhiteElo "2066"]
[BlackElo "2390"]
[Annotator "NA"]
[PlyCount "73"]
[EventDate "2018.09.05"]
[EventType "swiss"]
[EventCountry "TUR"]
[SourceTitle "playchess.com"]
[Source "ChessBase"]
[SourceQuality "1"]
[TimeControl "40/5400+30:1800+30"]

1. d4 Nf6 2. Nf3 e6 3. e3 c5 4. c3 d5 5. Bd3 Nc6 6. Nbd2 Be7 7. O-O O-O 8. dxc5 Bxc5 9. e4 Qc7 10. Qe2 h6 11. h3 Nh5 12. Nb3 Bb6 13. Be3 Nf4 $14 14. Qd2 Bxe3 15. Qxe3 Nxd3 16. Qxd3 dxe4 17. Qxe4 e5 18. Rfe1 Re8 19. Nbd4 Bd7 20. Nf5 Ne7 21. N3h4 Nxf5 22. Nxf5 g6 23. Ne3 Kg7 24. Rad1 Bc6 25. Qh4 f5 26. Nc4 e4 27. Rd6 Qf7 28. Red1 Re7 29. Ne3 Rae8 30. g4 fxg4 31. Nxg4 Qf4 32. Rf6 Qg5 33. Qxg5 hxg5 34. Rdd6 Rf7 35. Rxg6+ Kf8 36. Rxg5 Rf3 37. Rh6 1-0

[Event "World Junior U20 Open 2018"]
[Site "Gebze"]
[Date "2018.09.06"]
[Round "2.50"]
[White "Maltezeanu, Stefan"]
[Black "Gorshtein, Ido"]
[Result "0-1"]
[ECO "B17"]
[WhiteElo "2089"]
[BlackElo "2383"]
[Annotator "ChessBase"]
[PlyCount "92"]
[EventDate "2018.09.05"]
[EventType "swiss"]
[EventCountry "TUR"]
[SourceTitle "playchess.com"]
[Source "ChessBase"]
[SourceQuality "1"]
[TimeControl "40/5400+30:1800+30"]

1. e4 c6 2. d4 d5 3. Nc3 dxe4 4. Nxe4 Nd7 5. Ng5 Ngf6 6. Bd3 e5 7. Qe2 Qe7 8. N1f3 exd4 9. Nxd4 Qxe2+ 10. Bxe2 Bc5 11. Nb3 Bb6 12. O-O O-O 13. Bf4 h6 14. Nf3 Re8 15. Bd3 Nd5 16. Bd2 Nf8 17. c4 Nf6 18. Rfe1 Rd8 19. Bc2 Be6 20. c5 Bxb3 21. Bxb3 Bxc5 22. Be3 Bxe3 23. Rxe3 Ng6 24. h4 Re8 25. Rae1 Rxe3 26. Rxe3 Re8 27. Rxe8+ Nxe8 28. h5 Nf4 29. Ne5 Nd6 30. g4 Kf8 31. Nc4 Nxc4 32. Bxc4 b5 33. Bf1 Ke7 34. f3 Ke6 35. Kf2 Ke5 36. Ke3 a6 37. Kd2 Kd4 38. a4 g6 39. axb5 axb5 40. Be2 gxh5 41. Ke1 Ke3 42. Bd1 c5 43. Kf1 Kd2 44. b4 Kxd1 45. bxc5 b4 46. c6 Nd5 0-1

[Event "World Junior U20 Open 2018"]
[Site "Gebze"]
[Date "2018.09.06"]
[Round "2.51"]
[White "Baenziger, Fabian"]
[Black "Petkov, Momchil"]
[Result "1-0"]
[ECO "B38"]
[WhiteElo "2360"]
[BlackElo "2163"]
[Annotator "NA"]
[PlyCount "97"]
[EventDate "2018.09.05"]
[EventType "swiss"]
[EventCountry "TUR"]
[SourceTitle "playchess.com"]
[Source "ChessBase"]
[SourceQuality "1"]
[TimeControl "40/5400+30:1800+30"]

1. e4 c5 2. Nf3 Nc6 3. d4 cxd4 4. Nxd4 g6 5. c4 Bg7 6. Be3 Nf6 7. Nc3 O-O 8. Be2 d6 9. O-O Bd7 10. Nc2 a5 11. f3 a4 12. Qd2 Qa5 13. Na3 Rfc8 14. Rac1 Be8 15. f4 $14 Nxe4 16. Nxe4 Qxd2 17. Nxd2 Bxb2 18. Ndb1 Bxc1 19. Rxc1 f5 20. Nc3 Bf7 21. Bf3 e5 22. Bd5 Na5 23. Rb1 Ra6 24. h3 Bxd5 25. Nxd5 Kf7 26. Nb6 Rc6 27. g3 Ke6 28. Kf2 h6 29. h4 g5 30. hxg5 hxg5 31. fxg5 f4 32. gxf4 exf4 33. Bd4 Kf5 34. Rb5+ Ke4 35. g6 d5 36. g7 Rg6 37. Rxd5 Nc6 38. Nd7 Ra5 39. Bc5 Ne7 40. Re5+ Kd3 41. Bxe7 Rxg7 42. Rxa5 Rxe7 43. Nc5+ Kc3 44. Rb5 Re3 45. Nxa4+ Kd2 46. Rb2+ Kd1 47. Rb3 Re7 48. Kf3 Rf7 49. Nc5 1-0

[Event "World Junior U20 Open 2018"]
[Site "Gebze"]
[Date "2018.09.06"]
[Round "2.58"]
[White "Yilmaz, Goktan"]
[Black "Galperin, Platon"]
[Result "0-1"]
[ECO "B47"]
[WhiteElo "2237"]
[BlackElo "2348"]
[Annotator "ChessBase"]
[PlyCount "86"]
[EventDate "2018.09.05"]
[EventType "swiss"]
[EventCountry "TUR"]
[SourceTitle "playchess.com"]
[Source "ChessBase"]
[SourceQuality "1"]
[TimeControl "40/5400+30:1800+30"]

1. e4 c5 2. Nf3 e6 3. d4 cxd4 4. Nxd4 Nc6 5. Nc3 Qc7 6. f4 Nxd4 7. Qxd4 b6 8. Be3 Bb7 9. Be2 Nf6 10. O-O-O Bc5 11. Qd3 Ba6 12. Qd2 Bxe3 13. Qxe3 Bxe2 14. Nxe2 Rc8 15. Nc3 b5 16. Rd2 Qb7 17. Re1 b4 18. Nd1 d5 19. Nf2 O-O 20. e5 Nd7 21. Qh3 Rc4 22. f5 exf5 23. Qxf5 Nc5 24. Kb1 Ne6 25. Red1 a5 26. Qf3 Rf4 27. Qe2 d4 28. Nd3 Re4 29. Qf3 Qd5 30. h4 Rd8 31. Rf1 Rd7 32. h5 h6 33. Re2 Ng5 34. Qf2 a4 35. Qe1 b3 36. cxb3 axb3 37. a3 Re3 38. Qd1 Qc4 39. e6 Rxd3 40. exd7 Rxd1+ 41. Rxd1 Ne6 42. Ree1 Qc7 43. Rxe6 Qc2+ 0-1

[Event "World Junior U20 Open 2018"]
[Site "Gebze"]
[Date "2018.09.06"]
[Round "2.60"]
[White "Hollan, Martin"]
[Black "Silva, David"]
[Result "0-1"]
[ECO "E97"]
[WhiteElo "2336"]
[BlackElo "2223"]
[Annotator "NA"]
[PlyCount "74"]
[EventDate "2018.09.05"]
[EventType "swiss"]
[EventCountry "TUR"]
[SourceTitle "playchess.com"]
[Source "ChessBase"]
[SourceQuality "1"]
[TimeControl "40/5400+30:1800+30"]

1. d4 Nf6 2. c4 g6 3. Nc3 Bg7 4. e4 d6 5. Nf3 O-O 6. Be2 e5 7. O-O Nc6 8. d5 Ne7 9. b4 a5 10. Ba3 axb4 11. Bxb4 Nd7 12. a4 Bh6 13. a5 f5 14. Nd2 Nf6 15. c5 Bxd2 16. Qxd2 Nxe4 17. Nxe4 fxe4 18. cxd6 cxd6 19. Bc3 Nf5 20. Ra4 b6 21. Rxe4 bxa5 22. Ra1 Bb7 23. Rb1 Qc7 24. f4 Qc5+ 25. Kh1 Rac8 26. Bc4 Nd4 27. Bxd4 Qxc4 28. fxe5 Qxd5 29. Re2 Rc4 30. Bc3 Qxd2 31. Bxd2 Rc2 32. Rd1 dxe5 33. Kg1 Ba6 34. Rf2 Rd8 35. h3 e4 36. Kh2 Rd3 37. Be3 Rxf2 0-1

[Event "World Junior U20 Open 2018"]
[Site "Gebze"]
[Date "2018.09.06"]
[Round "2.63"]
[White "Tasdogen, Dincer"]
[Black "Eren, Ataberk"]
[Result "1/2-1/2"]
[ECO "C08"]
[WhiteElo "2329"]
[BlackElo "2180"]
[Annotator "NA"]
[PlyCount "97"]
[EventDate "2018.09.05"]
[EventType "swiss"]
[EventCountry "TUR"]
[SourceTitle "playchess.com"]
[Source "ChessBase"]
[SourceQuality "1"]
[TimeControl "40/5400+30:1800+30"]

1. e4 e6 2. d4 d5 3. Nd2 c5 4. Ngf3 Nc6 5. exd5 exd5 6. Bb5 Nf6 7. O-O Be7 8. dxc5 Bxc5 9. Re1+ {[%emt 0:00:30] C08: French Tarrasch: 3...c5 4 exd5 exd5 sidelines} Be6 10. Nb3 Bb6 11. Be3 O-O 12. Nbd4 $146 ({Predecessor:} 12. Bxb6 Qxb6 13. a4 Bg4 14. Be2 Rfe8 15. a5 Qc7 16. h3 Bxf3 17. Bxf3 Rxe1+ 18. Qxe1 {0-1 (39) Lenic,L (2450)-Miezis,N (2547) Nova Gorica 2005}) 12... Bd7 13. Bxc6 bxc6 14. Ne5 c5 15. Nxd7 Qxd7 16. Nf3 h6 17. c3 Rfe8 18. a4 Qd6 19. g3 Qc6 20. a5 Bc7 21. Qa4 Qxa4 22. Rxa4 Bd6 23. b4 cxb4 24. cxb4 a6 25. Nd4 Ne4 26. Rc1 Rec8 27. Nc6 Bf8 28. Raa1 Nd6 29. Ne5 Nc4 30. Nxc4 dxc4 31. Rab1 Rab8 32. Bb6 Rc6 33. b5 axb5 34. Rxb5 Ba3 35. Rc3 Be7 36. Rd5 Bf6 37. Rc2 Kh7 38. Kf1 Kg6 39. Ke2 h5 40. h4 Re8+ 41. Be3 Rb8 42. Rc5 $16 Rxc5 43. Bxc5 Rb5 44. Bb6 c3 45. Kd3 Rb1 46. Kc4 Kf5 47. Bd4 Ra1 48. Rxc3 Rxa5 49. Rf3+ 1/2-1/2

[Event "World Junior U20 Open 2018"]
[Site "Gebze"]
[Date "2018.09.06"]
[Round "2.65"]
[White "Shailesh, Dravid"]
[Black "Ismayilov, Muhammad"]
[Result "1-0"]
[ECO "C42"]
[WhiteElo "2325"]
[BlackElo "2137"]
[Annotator "NA"]
[PlyCount "67"]
[EventDate "2018.09.05"]
[EventType "swiss"]
[EventCountry "TUR"]
[SourceTitle "playchess.com"]
[Source "ChessBase"]
[SourceQuality "1"]
[TimeControl "40/5400+30:1800+30"]

1. e4 e5 2. Nf3 Nf6 3. Nxe5 d6 4. Nf3 Nxe4 5. d4 d5 6. Bd3 Nc6 7. O-O Be7 8. c4 Nb4 9. Be2 O-O 10. a3 Nc6 11. cxd5 {[%emt 0:02:00] C42: Petroff Defence: 3 Nxe5 and unusual White 3rd moves} (11. Nc3 Nxc3 12. bxc3 Bf5 13. Re1 Re8 14. Ra2 Na5 15. cxd5 Qxd5 16. Rb2 b6 17. Ne5 Rad8 18. Rb5 c5 19. Rxa5 bxa5 20. Bc4 Qb7 21. Nxf7 Kf8 22. Nxd8 Rxd8 {1-0 (52) Grigoriants,S (2561)-Nguyen,N (2630) Riadh 2017}) 11... Qxd5 12. Nc3 Nxc3 13. bxc3 Bg4 14. h3 Bh5 15. Rb1 a6 16. Rxb7 Nxd4 $146 ({Predecessor:} 16... Na5 17. Rb1 Bg6 18. Bd3 c5 19. Bxg6 hxg6 {½-½ (35) Bezemer,A (2308)-Peredy,F (2176) Triesen 2013}) 17. Nxd4 Bxe2 18. Qxe2 Qxb7 19. Qxe7 Rfe8 20. Qg5 f6 $18 21. Qg4 Qe4 22. Bf4 c5 23. Nf5 g5 24. Bd6 Qd3 25. Ne7+ Kf7 26. Re1 Red8 27. Qh5+ Kg7 28. g4 Kh8 29. Nf5 Qd5 30. Qh6 Qf7 31. Be7 Re8 32. Bxf6+ Kg8 33. Ne7+ Rxe7 34. Rxe7 1-0

[Event "World Junior U20 Open 2018"]
[Site "Gebze"]
[Date "2018.09.06"]
[Round "2.66"]
[White "De Block, Yordi"]
[Black "Sevgi, Volkan"]
[Result "1/2-1/2"]
[ECO "A83"]
[WhiteElo "2118"]
[BlackElo "2323"]
[Annotator "NA"]
[PlyCount "93"]
[EventDate "2018.09.05"]
[EventType "swiss"]
[EventCountry "TUR"]
[SourceTitle "playchess.com"]
[Source "ChessBase"]
[SourceQuality "1"]
[TimeControl "40/5400+30:1800+30"]

1. d4 f5 2. e4 fxe4 3. Nc3 Nf6 4. Bg5 Nc6 5. d5 Ne5 6. Qd4 Nf7 7. Bxf6 exf6 8. Nxe4 f5 9. Ng3 g6 {[%emt 0:00:00] A83: Dutch Defence: Staunton Gambit with 3 Nc3 Nf6 4 Bg5} 10. Nf3 (10. O-O-O Bh6+ 11. Kb1 O-O 12. h4 Bg7 13. Qd2 Qf6 14. c3 b5 15. Nf3 Rb8 16. h5 c5 17. hxg6 hxg6 {0-1 (28) Saydaliev,S (2380)-Yakubboev,N (2440) Tashkent 2017}) 10... Qe7+ 11. Be2 Qb4+ 12. Qxb4 Bxb4+ 13. c3 Be7 $146 ({Predecessor:} 13... Bd6 14. O-O-O a6 15. Nd4 O-O 16. Rhe1 b5 17. Nb3 {0-1 (43) Wang,X (1045)-Hlavinkova,L (1605) LSS email 2013}) 14. O-O-O O-O 15. Rhe1 Bf6 16. Nd4 Bg5+ 17. Kb1 a6 18. Bc4 b5 19. Bb3 Nd6 20. Nf3 Bf6 21. Ne5 f4 22. a4 $19 (22. Nf1 $11) 22... a5 23. Nf1 Bxe5 24. Rxe5 f3 25. g3 Ba6 26. Nd2 bxa4 27. Bxa4 Rf7 28. Rde1 Be2 29. Bd1 Bxd1 30. Rxd1 Raf8 31. Rde1 h6 32. c4 g5 33. Kc2 Nf5 34. Kc3 g4 35. Nb3 a4 36. Nd4 Nxd4 37. Kxd4 Rb8 38. Kc3 Rf6 39. Re8+ Rf8 40. Rxb8 Rxb8 41. Re4 h5 42. Re5 Rb3+ 43. Kc2 Rb4 44. Kc3 Rb3+ 45. Kc2 Rb4 46. Kc3 Rb3+ 47. Kc2 1/2-1/2

[Event "World Junior U20 Open 2018"]
[Site "Gebze"]
[Date "2018.09.06"]
[Round "2.67"]
[White "Caglar, Ahmet Ata"]
[Black "Dobrovoljc, Vid"]
[Result "0-1"]
[ECO "E99"]
[WhiteElo "2071"]
[BlackElo "2316"]
[Annotator "NA"]
[PlyCount "70"]
[EventDate "2018.09.05"]
[EventType "swiss"]
[EventCountry "TUR"]
[SourceTitle "playchess.com"]
[Source "ChessBase"]
[SourceQuality "1"]
[TimeControl "40/5400+30:1800+30"]

1. d4 Nf6 2. c4 g6 3. Nc3 Bg7 4. e4 d6 5. Nf3 O-O 6. Be2 e5 7. O-O Nc6 8. d5 Ne7 9. Ne1 Nd7 10. Be3 f5 11. f3 f4 12. Bf2 g5 13. Rc1 Rf6 14. Nd3 Rh6 15. c5 a6 16. c6 bxc6 17. dxc6 Nf8 18. Nb4 Qe8 19. Ncd5 Nxd5 20. Nxd5 Qh5 21. h4 Ne6 22. Ne7+ Kh8 23. Qb3 gxh4 24. Kh1 Qg5 25. Nf5 h3 26. g3 fxg3 27. Bxg3 Nd4 28. f4 exf4 29. Nxh6 Bxh6 30. Qc3 fxg3 31. Qxd4+ Qe5 32. Qxe5+ dxe5 33. Rcd1 g2+ 34. Kh2 gxf1=Q 35. Bxf1 Bf4+ 0-1

[Event "World Junior U20 Open 2018"]
[Site "Gebze"]
[Date "2018.09.06"]
[Round "2.68"]
[White "Nastase, Robert-Paul"]
[Black "Gunduz, Umut Erdem"]
[Result "1-0"]
[ECO "C51"]
[WhiteElo "2313"]
[BlackElo "2119"]
[Annotator "NA"]
[PlyCount "63"]
[EventDate "2018.09.05"]
[EventType "swiss"]
[EventCountry "TUR"]
[SourceTitle "playchess.com"]
[Source "ChessBase"]
[SourceQuality "1"]
[TimeControl "40/5400+30:1800+30"]

1. e4 e5 2. Nf3 Nc6 3. Bc4 Bc5 4. b4 Bxb4 5. c3 Be7 6. d4 Na5 7. Be2 d6 8. Qa4+ c6 9. dxe5 dxe5 10. Nxe5 Nf6 11. O-O O-O 12. Rd1 Qc7 13. Bf4 b5 14. Qc2 Qb6 15. Nd2 Be6 16. Ndf3 Ng4 17. Nd3 Nc4 18. e5 Na3 19. Qd2 c5 20. Rf1 f6 21. exf6 Nxf6 22. Nde5 Rad8 23. Qb2 Nd5 24. Bg5 Bxg5 25. Nxg5 b4 26. cxb4 cxb4 27. Rac1 Rc8 28. Nc4 Nxc4 29. Bxc4 Rfd8 30. Qe5 Rxc4 31. Nxe6 Re8 32. Qxg7# 1-0

[Event "World Junior U20 Open 2018"]
[Site "Gebze"]
[Date "2018.09.06"]
[Round "2.69"]
[White "Aydincelebi, Kagan"]
[Black "Zlatin, Alexander"]
[Result "1-0"]
[ECO "C68"]
[WhiteElo "2060"]
[BlackElo "2312"]
[Annotator "NA"]
[PlyCount "63"]
[EventDate "2018.09.05"]
[EventType "swiss"]
[EventCountry "TUR"]
[SourceTitle "playchess.com"]
[Source "ChessBase"]
[SourceQuality "1"]
[TimeControl "40/5400+30:1800+30"]

1. e4 e5 2. Nf3 Nc6 3. Bb5 a6 4. Bxc6 dxc6 5. O-O Bg4 6. h3 h5 7. d3 Qf6 8. Nbd2 Ne7 9. Nc4 Bxf3 10. Qxf3 Qxf3 11. gxf3 Ng6 12. Rd1 O-O-O 13. Kf1 b6 14. Be3 c5 15. a4 a5 16. Ke2 Be7 17. Rg1 Bf6 18. c3 Rd7 19. Rad1 Rhd8 20. Rd2 Kb7 21. Rb1 Kc6 22. b4 axb4 23. cxb4 cxb4 24. Rxb4 Nf4+ 25. Bxf4 exf4 26. Rc2 Kb7 27. Na5+ Ka6 28. Nc6 Re8 29. a5 bxa5 30. Rb8 Re6 31. Rb1 Re8 32. Rc5 1-0

[Event "World Junior U20 Open 2018"]
[Site "Gebze"]
[Date "2018.09.06"]
[Round "2.70"]
[White "Suleymenov, Alisher"]
[Black "Cansun, Can Alp"]
[Result "1-0"]
[ECO "E05"]
[WhiteElo "2307"]
[BlackElo "2110"]
[Annotator "NA"]
[PlyCount "83"]
[EventDate "2018.09.05"]
[EventType "swiss"]
[EventCountry "TUR"]
[SourceTitle "playchess.com"]
[Source "ChessBase"]
[SourceQuality "1"]
[TimeControl "40/5400+30:1800+30"]

1. d4 Nf6 2. c4 e6 3. g3 d5 4. Nf3 Be7 5. Bg2 O-O 6. O-O dxc4 7. Qc2 a6 8. a4 Bd7 9. Rd1 Bc6 10. Nc3 Bb4 11. Bg5 Bxc3 12. bxc3 Be4 13. Qc1 Qd5 14. Bxf6 gxf6 15. Qf4 Nd7 16. Qxc7 Rfc8 17. Qf4 b5 18. Qg4+ Kf8 19. Qh4 Ke7 20. Bh3 Bf5 21. Bg2 Be4 22. Bf1 Bg6 23. Ne5 Be4 24. Nxd7 Kxd7 25. Qxf6 Ke8 26. Rd2 b4 27. f3 Qf5 28. Qxf5 Bxf5 29. e4 Bg6 30. cxb4 f5 31. Rc1 fxe4 32. fxe4 Bxe4 33. Rxc4 Rxc4 34. Bxc4 Rb8 35. Rb2 Rb6 36. Kf2 Ke7 37. Ke3 Bg6 38. Bd3 Be8 39. a5 Rd6 40. Bxh7 Rc6 41. Rc2 Rd6 42. Bd3 1-0

[Event "World Junior U20 Open 2018"]
[Site "Gebze"]
[Date "2018.09.06"]
[Round "2.72"]
[White "Ozenir, Ekin Baris"]
[Black "Erdogan, Anil Berk"]
[Result "1-0"]
[ECO "A45"]
[WhiteElo "2303"]
[BlackElo "2083"]
[Annotator "NA"]
[PlyCount "43"]
[EventDate "2018.09.05"]
[EventType "swiss"]
[EventCountry "TUR"]
[SourceTitle "playchess.com"]
[Source "ChessBase"]
[SourceQuality "1"]
[TimeControl "40/5400+30:1800+30"]

1. d4 Nf6 2. Bg5 e6 3. e4 c5 4. d5 h6 5. Bxf6 Qxf6 6. Nc3 a6 7. Nf3 d6 8. a4 e5 9. Nd2 b6 10. Ra3 Be7 11. Rb3 Nd7 12. Be2 O-O 13. O-O g6 14. Bg4 Qg5 15. Nc4 f5 16. exf5 gxf5 17. Bh3 Qf6 18. Qh5 Bd8 19. Ne2 Rf7 20. Rg3+ Rg7 21. Bxf5 b5 22. Be6+ 1-0